 Dungeon Crawl Stone Soup version 0.22.0-25-g7663229 (console) character file.

130260 removed the Spear-Bearer (level 17, -4/125 HPs)
             Began as an Octopode Arcane Marksman on Aug 20, 2018.
             Was the Champion of Okawaru.
             Shot with a bolt by a naga sharpshooter (27 damage)
             ... on level 2 of the Snake Pit.
             The game lasted 02:01:43 (39921 turns).

removed the Spear-Bearer (OpAM)                    Turns: 39921, Time: 02:01:44

Health: -4/125     AC: 10    Str: 10    XL:     17   Next: 7%
Magic:  24/29      EV: 35    Int: 13    God:    Okawaru [******]
Gold:   1370       SH:  9    Dex: 16    Spells: 11/32 levels left

rFire    + . .     SeeInvis +   a - +8 demon trident (freeze)
rCold    + . .     Gourm    .   J - +2 buckler {AC+3}
rNeg     + . .     Faith    +   S - +2 hat "Zihonic" {rElec rN+ Int-5 SInv}
rPois    +         Spirit   .   R - amulet of faith
rElec    +         Reflect  .   u - +5 ring of evasion
rCorr    .         Harm     .   P - ring of poison resistance
MR       ++...                  W - +4 ring of protection
Stlth    ++++......             N - +4 ring of evasion (curse)
HPRegen  0.30/turn              U - +3 ring of slaying
MPRegen  0.21/turn              m - ring of protection from magic
                                f - ring of protection from fire
                                c - ring of protection from cold

@: lethally poisoned (-4 -> -4), heroism
A: almost no armour, stealthy swim, amphibious, 8 rings, constrict 8, camouflage
1, gelatinous body 1
a: Heroism, Finesse, Renounce Religion


You were on level 2 of the Snake Pit.
You worshipped Okawaru.
Okawaru was exalted by your worship.
You were not hungry.

You visited 4 branches of the dungeon, and saw 25 of its levels.
You also visited: Ice Cave and Volcano.

You collected 4673 gold pieces.
You spent 3303 gold pieces at shops.

Inventory:

Hand Weapons
 a - a +8 demon trident of freezing (weapon)
 D - the +8 hand crossbow of Fufarph {velocity, Dex+2}
   (Okawaru gifted it to you on level 13 of the Dungeon)

   Any bolt fired from it inflicts extra damage.
   It affects your dexterity (+2).
 Y - a +0 blowgun
Missiles
 F - 3 throwing nets (quivered)
Armour
 J - a +2 buckler of protection (worn)
 M - a +2 hat of magic resistance
 S - the +2 hat "Zihonic" (worn) {rElec rN+ Int-5 SInv}
   (Okawaru gifted it to you on level 6 of the Lair of Beasts)

   It affects your intelligence (-5).
   It insulates you from electricity.
   It protects you from negative energy.
   It lets you see invisible.
Jewellery
 b - an uncursed ring of protection from magic
 c - a ring of protection from cold (on tentacle)
 f - a ring of protection from fire (on tentacle)
 i - an uncursed ring of see invisible
 m - a ring of protection from magic (on tentacle)
 n - an uncursed ring of positive energy
 u - a +5 ring of evasion (left tentacle)
 N - a cursed +4 ring of evasion (on tentacle)
 P - a ring of poison resistance (right tentacle)
 R - an amulet of faith (around mantle)
 U - a +3 ring of slaying (on tentacle)
 W - a +4 ring of protection (on tentacle)
Wands
 d - a wand of digging (32)
 h - a wand of paralysis (12)
 k - a wand of acid (10)
 y - a wand of polymorph (29)
 T - a wand of iceblast (2)
Scrolls
 r - a scroll of holy word
 s - 4 scrolls of fear
 A - a scroll of fog
 B - 3 scrolls of blinking
 C - 3 scrolls of enchant armour
 E - 2 scrolls of magic mapping
 I - 4 scrolls of remove curse
 K - 3 scrolls of brand weapon
 L - 3 scrolls of summoning
 V - 10 scrolls of teleportation
 Z - 5 scrolls of identify
Potions
 e - 5 potions of agility
 j - 8 potions of haste
 l - 2 potions of lignification
 o - 2 potions of ambrosia
 q - 2 potions of resistance
 t - a potion of invisibility
 v - 4 potions of might
 w - 3 potions of heal wounds
 z - 4 potions of mutation
 G - 11 potions of curing
 H - a potion of berserk rage
 O - 8 potions of flight
 Q - a potion of brilliance
Miscellaneous
 x - a lightning rod (3/4)
 X - a lamp of fire (inert)
Comestibles
 p - 18 rations


   Skills:
 + Level 14.0(19.0) Fighting
   Level 10.0(15.0) Short Blades
 - Level 14.0(19.0) Polearms
 - Level 3.2(8.2) Crossbows
 - Level 12.0(17.0) Dodging
 - Level 5.3(10.3) Shields
 - Level 8.0 Spellcasting
 - Level 8.0 Hexes
 - Level 5.2 Charms
 - Level 5.0 Necromancy
 - Level 9.0 Invocations


You had 11 spell levels left.
You knew the following spells:

 Your Spells              Type           Power        Failure   Level  Hunger
a - Ensorcelled Hibernat  Hex/Ice        ###...       4%          2    None
b - Slow                  Hex            ####....     1%          2    None
c - Confuse               Hex            ####....     1%          3    ##.....
d - Tukima's Dance        Hex            ####....     1%          3    ##.....
e - Regeneration          Chrm/Necr      ###.......   4%          3    ##.....
f - Cause Fear            Hex            ####......   4%          4    ####...
g - Corona                Hex            ####...      1%          1    None
w - Spectral Weapon       Hex/Chrm       ###.....     2%          3    ##.....

Your spell library contained the following spells:

 Spells                   Type           Power        Failure   Level  Hunger
 Confusing Touch          Hex            ####..       1%          1    None
 Infusion                 Chrm           ###.         1%          1    None
 Song of Slaying          Chrm           ###.....     2%          2    None
 Shroud of Golubria       Chrm/Tloc      ##........   7%          2    None
 Dazzling Spray           Conj/Hex       ###...       8%          3    ##.....
 Inner Flame              Hex/Fire       ###.....     8%          3    ##.....
 Portal Projectile        Hex/Tloc       ###...       8%          3    ##.....
 Leda's Liquefaction      Hex/Erth       ###.......   26%         4    ####...
 Gell's Gravitas          Tloc           #.........   38%         3    ##.....
 Metabolic Englaciation   Hex/Ice        ###.......   58%         5    #####..
 Yara's Violent Unravell  Hex/Tmut       ###.......   58%         5    #####..
 Iskenderun's Battlesphe  Conj/Chrm      ##......     78%         5    #####..
 Petrify                  Tmut/Erth      #.......     80%         4    ####...
 Bolt of Magma            Conj/Fire/Erth #.........   98%         5    #####..
 Venom Bolt               Conj/Pois      #.........   98%         5    #####..
 Iron Shot                Conj/Erth      #.........   100%        6    #######
 Orb of Destruction       Conj           #.........   100%        7    #######
 Spellforged Servitor     Conj/Summ      #.........   100%        7    #######


Dungeon Overview and Level Annotations

Branches:
Dungeon (15/15)            Temple (0/1) D:4            Lair (6/6) D:8
 Shoals (0/4) Lair:2        Snake (2/4) Lair:2        Slime (0/5) Lair:5
    Orc (2/2) D:10            Elf (0/3) Orc:2        Vaults (0/5) D:13
 Depths (0/5) D:15

Altars:
Cheibriados
Dithmenos
Elyvilon
Gozag
Kikubaaqudgha
Makhleb
Nemelex Xobeh
Okawaru
Ru
Sif Muna
Trog
Uskayaw
Vehumet
Xom
Yredelemnul
The Shining One
Beogh

Shops:
D:4 =   D:5 (?[*[   D:6 [   D:11 (   Orc:2 =*[(

Annotations:
D:7 exclusion: downstairs
D:11 exclusion: orange crystal statue
D:12 exclusion: hydra
D:14 3 runed doors, exclusion: obsidian statue, Pusat's ghost, journeyman GrFi
Snake:1 3 runed doors, Yruas's ghost, adept GrFi
Orc:1 1 runed door, iamserjio's ghost, journeyman GrBe


Innate Abilities, Weirdness & Mutations

You cannot wear most types of armour.
You are very stealthy in the water. (Stealth+)
You are amphibious.
You can wear up to eight rings at the same time.
You can use your tentacles to constrict eight enemies at once.
Your skin changes colour to match your surroundings (Stealth+).
Your rubbery body absorbs attacks. (AC +1, EV +1)


Message History

The naga sharpshooter mumbles some strange words.
The naga sharpshooter magically shoots a bolt.
You block the bolt.
The naga sharpshooter gestures wildly while chanting.
The naga sharpshooter magically shoots a bolt.
The bolt hits you!!
* * * LOW HITPOINT WARNING * * *
The naga sharpshooter gestures wildly while chanting.
The naga sharpshooter magically shoots a bolt.
The bolt hits you!
* * * LOW HITPOINT WARNING * * *
There is a stone staircase leading up, spattered with blood here.
You see here 10 bolts.
Okay, then.
Press: ? - help, v - describe, . - travel
Here: a naga sharpshooter, wielding an arbalest The floor.
You feel much better.
You feel sick.
The naga sharpshooter shoots a bolt.
The bolt misses your spectral weapon. The bolt hits you!!
You die...

...............
................
#.................
#.......$........
#.(..............
#...(..........# .#
#............# ..#
###..(.@......###..#
#..(...(#......#....
#####.(...).......#
##.(N#.....>..#
##)#(......#.##
#...##........
#N.()..#......
##N..)........
#.##.รท.......


You could see 3 naga sharpshooters and a friendly spectral demon trident of
freezing.

Vanquished Creatures
  Saint Roka (Orc:2)
  Frances (D:12)
  An orc warlord (Orc:1)
  Nessos (D:14)
  6 dire elephants (Lair:6)
  A stone giant (Orc:1)
  Snorg (Lair:5)
  A crystal guardian (D:12)
  Josephine (Orc:1)
  An ogre mage (D:13)
  Fannar (Lair:1)
  Erolcha (Orc:1)
  4 vault guards (D:13)
  Erica (Orc:1)
  3 naga warriors
  4 centaur warriors
  6 anacondas
  4 hydras
  2 two-headed ogres
  3 orc high priests (Orc:2)
  A hell knight (Volcano)
  Nergalle (D:10)
  Urug (Lair:1)
  An unseen horror (D:12)
  2 naga ritualists
  4 orc knights
  A wolf spider zombie (D:13)
  A glowing orange brain (D:15)
  A deep elf archer (D:13)
  16 ugly things
  A deep elf mage (D:14)
  3 mana vipers
  2 manticores
  3 cyclopes
  A faun (shapeshifter) (D:15)
  5 orc sorcerers (Orc:2)
  A salamander (Snake:1)
  13 elephants (Lair:6)
  3 centaur zombies
  2 ice statues (IceCv)
  4 guardian serpents
  13 black mambas
  7 naga magi
  2 molten gargoyles (Volcano)
  A guardian serpent (shapeshifter) (D:15)
  4 spiny frogs
  2 rime drakes
  9 komodo dragons
  A yaktaur (D:13)
  A freezing wraith (D:13)
  8 ice devils (IceCv)
  2 polar bears (Lair:3)
  13 trolls
  2 tengu conjurers (D:13)
  A jumping spider (shapeshifter) (D:15)
  3 meliai (D:15)
  31 blink frogs
  10 dream sheep (Lair:5)
  10 hippogriffs
  10 slime creatures
  A vampire (D:11)
  A centaur simulacrum (D:15)
  A spriggan (D:8)
  A shadow (D:12)
  3 wyverns
  36 yaks
  3 wraiths (Orc:1)
  A fire bat (Volcano)
  2 basilisks
  A steam dragon (D:14)
  4 hungry ghosts
  11 vampire mosquitoes
  3 wargs (Orc:1)
  4 acid dragons
  18 nagas
  2 soldier ants
  10 water moccasins
  Edmund (D:6)
  9 porcupines
  3 hell hounds (D:15)
  Duvessa (D:4)
  34 orc warriors
  3 ice beasts
  A floating eye (shapeshifter) (D:15)
  8 sky beasts
  3 phantoms
  An eye of draining (D:9)
  2 black bears
  12 ogres
  8 wolves
  20 centaurs
  11 crocodiles
  3 big kobolds
  25 bullfrogs
  A wyvern zombie (D:13)
  Dowan (D:4)
  2 scorpions
  6 killer bees
  6 wights
  2 electric eels
  4 howler monkeys
  10 crimson imps
  2 quasits
  18 orc priests
  5 jellies
  4 bullfrog skeletons
  A gnoll shaman (D:8)
  9 hounds
  4 centaur skeletons
  11 worker ants
  4 iguanas
  26 orc wizards
  A mummy (D:5)
  A worker ant zombie (D:10)
  14 gnolls
  A howler monkey skeleton (D:6)
  10 adders
  3 shadow imps
  22 white imps
  6 ufetubi (IceCv)
  2 adder zombies
  3 worms
  2 dart slugs
  9 leopard geckos
  75 orcs
  11 bats
  6 giant cockroaches
  8 goblins
  6 hobgoblins
  8 jackals
  9 quokkas
  2 ball pythons
  3 frilled lizards
  A hobgoblin zombie (D:5)
  26 kobolds
  2 kobold zombies (D:5)
  A leopard gecko skeleton (D:5)
  An orc zombie (D:5)
  A quokka zombie (D:5)
  5 rats
  5 plants
848 creatures vanquished.

Vanquished Creatures (others)
  A reaper (IceCv)
  2 white imps (IceCv)
  3 ufetubi (IceCv)
  17 fungi
  12 plants
  20 spectral weapons
55 creatures vanquished.

Grand Total: 903 creatures vanquished

Notes
Turn   | Place    | Note
-------+----------+-------------------------------------------
     0 | D:1      | removed the Octopode Arcane Marksman began the quest for the Orb.
     0 | D:1      | Reached XP level 1. HP: 13/13 MP: 2/2
   132 | D:1      | Reached XP level 2. HP: 18/18 MP: 0/3
   307 | D:1      | Reached XP level 3. HP: 21/23 MP: 4/4
   634 | D:1      | Reached skill level 1 in Short Blades
   639 | D:1      | Learned a level 2 spell: Slow
  1073 | D:2      | Noticed a bullfrog
  1821 | D:3      | Reached XP level 4. HP: 26/28 MP: 5/5
  1871 | D:3      | Noticed a phantom
  2657 | D:2      | Killed a phantom
  2657 | D:2      | Reached XP level 5. HP: 30/33 MP: 2/6
  2729 | D:3      | Reached XP level 6. HP: 26/38 MP: 5/7
  2956 | D:3      | Reached skill level 5 in Short Blades
  3331 | D:3      | You fall through a shaft!
  3769 | D:4      | Found a white marble altar of Elyvilon.
  3775 | D:4      | Found a staircase to the Ecumenical Temple.
  3803 | D:4      | Found Wexugaz's Jewellery Shop.
  3835 | D:4      | Noticed a phantom
  4047 | D:4      | Killed a phantom
  4253 | D:4      | Reached XP level 7. HP: 43/43 MP: 4/8
  4741 | D:4      | Reached skill level 5 in Hexes
  4910 | D:4      | Found a snail-covered altar of Cheibriados.
  5145 | D:4      | Noticed Dowan
  5338 | D:5      | Entered Level 5 of the Dungeon
  5368 | D:5      | Found Desoaxzo's Magic Scroll Shoppe.
  5379 | D:5      | You fall through a shaft for 3 floors!
  5440 | D:8      | Reached XP level 8. HP: 31/51 MP: 6/9
  5781 | D:6      | Noticed Edmund
  6029 | D:5      | Found Ocezad's Antique Weapon Shoppe.
  6085 | D:5      | Found an iron altar of Okawaru.
  6098 | D:5      | Became a worshipper of Warmaster Okawaru
  6210 | D:5      | Found Vyugriw's Armour Shop.
  6461 | D:5      | Found Lurett's Armour Shoppe.
  6921 | D:6      | Reached * piety under Okawaru
  6953 | D:6      | Reached XP level 9. HP: 42/56 MP: 5/15
  7292 | D:6      | Got a twisted hand axe
  7305 | D:6      | Found Vaghir's Armour Shop.
  7686 | D:6      | Found a hide-covered altar of Uskayaw.
  7866 | D:6      | Killed Edmund
  7961 | D:6      | Reached ** piety under Okawaru
  8415 | D:4      | Reached skill level 5 in Dodging
  8577 | D:5      | Found Xisiw's Assorted Antiques.
  8598 | D:4      | Noticed Duvessa
  8620 | D:4      | Killed Duvessa
  8632 | D:4      | Killed Dowan
  8732 | D:7      | Found a burning altar of Makhleb.
  8836 | D:7      | Reached skill level 5 in Fighting
  8895 | D:7      | Found a bloodstained altar of Trog.
  9652 | D:7      | Reached skill level 1 in Invocations
  9652 | D:7      | Reached XP level 10. HP: 53/66 MP: 13/16
  9722 | D:7      | Found a sparkling altar of Nemelex Xobeh.
  9832 | D:7      | Found a radiant altar of Vehumet.
  9995 | D:7      | Learned a level 3 spell: Regeneration
 10841 | D:8      | Reached *** piety under Okawaru
 11252 | D:8      | Noticed a two-headed ogre
 11345 | D:8      | Found a staircase to the Lair.
 11620 | D:8      | Learned a level 4 spell: Cause Fear
 11726 | D:8      | Found an ancient bone altar of Kikubaaqudgha.
 11872 | D:9      | Found a deep blue altar of Sif Muna.
 12120 | D:9      | Received a gift from Okawaru
 12741 | D:9      | Found a basalt altar of Yredelemnul.
 12862 | D:9      | Found a glowing golden altar of the Shining One.
 12904 | D:9      | Reached skill level 5 in Spellcasting
 13450 | D:9      | Reached **** piety under Okawaru
 13505 | D:9      | Reached skill level 1 in Charms
 13505 | D:9      | Reached skill level 1 in Necromancy
 13529 | D:9      | Found a shadowy altar of Dithmenos.
 14104 | D:9      | Reached XP level 11. HP: 72/72 MP: 10/18
 14341 | D:4      | Bought a +4 ring of protection for 396 gold pieces
 14543 | D:8      | Killed a two-headed ogre
 14666 | D:8      | Reached ***** piety under Okawaru
 14888 | D:9      | Noticed an angel
 14903 | D:10     | Entered Level 10 of the Dungeon
 14965 | D:10     | Found a sacrificial altar of Ru.
 15036 | D:10     | Reached skill level 5 in Invocations
 15499 | D:10     | Found a staircase to the Orcish Mines.
 15559 | D:10     | Noticed Nergalle
 15801 | D:10     | Killed Nergalle
 16549 | Lair:1   | Entered Level 1 of the Lair of Beasts
 16691 | Lair:1   | Reached skill level 1 in Shields
 16983 | Lair:1   | Noticed Fannar
 16995 | Lair:1   | Killed Fannar
 17164 | Lair:1   | Noticed Urug
 17183 | Lair:1   | Killed Urug
 17183 | Lair:1   | Received a gift from Okawaru
 17183 | Lair:1   | Reached skill level 5 in Shields
 17904 | Lair:2   | Noticed a six-headed hydra
 17964 | Lair:2   | Found a staircase to the Shoals.
 18075 | Lair:2   | Reached XP level 12. HP: 76/81 MP: 15/19
 18095 | Lair:2   | Reached skill level 10 in Fighting
 18095 | Lair:2   | Reached XP level 13. HP: 94/94 MP: 18/20
 18201 | Lair:2   | Found a staircase to the Snake Pit.
 19423 | D:5      | Bought a +2 buckler of reflection for 259 gold pieces
 20190 | Lair:3   | Reached skill level 10 in Short Blades
 20968 | Lair:3   | Learned a level 3 spell: Confuse
 21407 | Lair:4   | Reached ****** piety under Okawaru
 21482 | Lair:4   | Received a gift from Okawaru
 21507 | Lair:4   | Found a frozen archway.
 21563 | IceCv    | Entered an ice cave
 22291 | IceCv    | Learned a level 3 spell: Spectral Weapon
 22390 | IceCv    | Received a gift from Okawaru
 22490 | IceCv    | Killed a reaper
 22963 | Lair:4   | Reached skill level 1 in Polearms
 23322 | Lair:5   | Found a staircase to the Slime Pits.
 23742 | Lair:5   | Reached skill level 5 in Polearms
 23890 | Lair:5   | Noticed Snorg
 23988 | Lair:5   | Reached XP level 14. HP: 101/101 MP: 21/23
 24281 | Lair:5   | Learned a level 2 spell: Ensorcelled Hibernation
 24290 | Lair:5   | Learned a level 3 spell: Tukima's Dance
 24491 | Lair:5   | Killed Snorg
 24905 | Lair:6   | Entered Level 6 of the Lair of Beasts
 24941 | Lair:6   | Received a gift from Okawaru
 24948 | Lair:6   | Got a translucent hat {god gift}
 24954 | Lair:6   | Identified the +2 hat "Zihonic" {rElec rN+ Int-5 SInv} (Okawaru gifted it to you on level 6 of the Lair of Beasts)
 25109 | Lair:6   | Found a dark tunnel.
 25121 | Volcano  | Entered a volcano
 25344 | Volcano  | Found a bloodstained altar of Trog.
 25850 | Lair:6   | Reached skill level 10 in Polearms
 27055 | D:11     | Found Ciulic's Weapon Shoppe.
 27395 | D:11     | Found a shimmering altar of Xom.
 28154 | Orc:1    | Entered Level 1 of the Orcish Mines
 28164 | Orc:1    | Received a gift from Okawaru
 28196 | Orc:1    | Noticed Josephine
 28202 | Orc:1    | Killed Josephine
 28246 | Orc:2    | Entered Level 2 of the Orcish Mines
 28258 | Orc:2    | Noticed Saint Roka
 28334 | Orc:2    | Noticed Erolcha
 28625 | Orc:1    | Killed Erolcha
 28759 | Orc:1    | Reached skill level 10 in Dodging
 28896 | Orc:2    | Killed Saint Roka
 28896 | Orc:2    | Received a gift from Okawaru
 28896 | Orc:2    | Reached XP level 15. HP: 68/106 MP: 5/24
 28897 | Orc:2    | Got a transparent buckler {god gift}
 29005 | Orc:1    | Identified the +0 buckler of Xulorone {+Fly rF+ MR-} (Okawaru gifted it to you on level 2 of the Orcish Mines)
 29147 | Orc:1    | Found a roughly hewn altar of Beogh.
 29196 | Orc:1    | Noticed Erica
 29221 | Orc:1    | Killed Erica
 29461 | Orc:1    | Found a runed door.
 29462 | Orc:1    | Noticed iamserjio's ghost (journeyman GrBe)
 30071 | Orc:2    | Noticed an orc warlord
 30261 | Orc:1    | Killed an orc warlord
 30708 | Orc:2    | Found a staircase to the Elven Halls.
 30892 | Orc:2    | Found Oginatur's Antique Armour Shop.
 30893 | Orc:2    | Found Aduenkei's Antique Weapon Shop.
 30894 | Orc:2    | Found Kiecopn's General Store.
 30894 | Orc:2    | Found Wigast's Jewellery Boutique.
 31077 | Orc:2    | Bought a cursed +4 ring of evasion for 396 gold pieces
 31358 | D:4      | Bought a +3 ring of slaying for 495 gold pieces
 31908 | D:12     | Reached skill level 5 in Necromancy
 31977 | D:12     | Noticed Frances
 31989 | D:12     | Killed Frances
 31989 | D:12     | Received a gift from Okawaru
 31989 | D:12     | Reached skill level 5 in Charms
 32008 | D:12     | Got a steaming triple crossbow {god gift}
 32200 | D:12     | Identified 2 scrolls of acquirement
 32327 | D:12     | Found a runed door.
 32650 | D:4      | Bought an uncursed ring of protection from fire for 275 gold pieces
 32651 | D:4      | Bought an uncursed ring of protection from cold for 275 gold pieces
 32960 | Orc:2    | Bought an uncursed ring of poison resistance for 240 gold pieces
 32962 | Orc:2    | Bought an uncursed ring of see invisible for 180 gold pieces
 33706 | D:13     | Received a gift from Okawaru
 33867 | D:13     | Found a gate to the Vaults.
 33878 | D:13     | Received a gift from Okawaru
 33969 | D:13     | Got a polished hand crossbow {god gift}
 33970 | D:13     | Identified the +8 hand crossbow of Fufarph {velocity, Dex+2} (Okawaru gifted it to you on level 13 of the Dungeon)
 34313 | D:14     | Reached XP level 16. HP: 103/114 MP: 16/26
 34564 | D:14     | Noticed Nessos
 34582 | D:14     | Killed Nessos
 34921 | D:14     | Found a runed gate.
 34921 | D:14     | Found a runed gate.
 34922 | D:14     | Found a runed gate.
 34923 | D:14     | Found an opulent altar of Gozag.
 34924 | D:14     | Noticed Pusat's ghost (journeyman GrFi)
 35012 | D:15     | Entered Level 15 of the Dungeon
 35739 | D:15     | Found a staircase to the Depths.
 36192 | D:12     | Found the +8 storm bow {elec}
 36201 | D:12     | Received a gift from Okawaru
 37416 | Lair:2   | Received a gift from Okawaru
 37637 | D:5      | Bought a scroll of blinking for 262 gold pieces
 37637 | D:5      | Bought a paperback book for 525 gold pieces
 37834 | Snake:1  | Entered Level 1 of the Snake Pit
 37966 | Snake:1  | Received a gift from Okawaru
 38776 | Snake:1  | Found a runed gate.
 38776 | Snake:1  | Found a runed gate.
 38776 | Snake:1  | Found a runed gate.
 38780 | Snake:1  | Noticed Yruas's ghost (adept GrFi)
 39594 | Snake:2  | Received a gift from Okawaru
 39612 | Snake:2  | Reached XP level 17. HP: 120/124 MP: 26/29
 39921 | Snake:2  | Shot with a bolt by a naga sharpshooter

Skill      XL: |  1  2  3  4  5  6  7  8  9 10 11 12 13 14 15 16 17 |
---------------+----------------------------------------------------+-----
Crossbows      | 3 |  3.2
Short Blades   | 2 4 5 6 8 10 | 10.0
Hexes          | 4 5 6 7 8 |  8.0
Dodging        | 3 6 7 8 9 10 12 | 12.0
Fighting       | 2 3 5 6 7 10 11 12 13 14 | 14.0
Spellcasting   | 4 5 6 7 8 |  8.0
Invocations    | 1 4 6 7 9 |  9.0
Charms         | 3 4 5 |  5.2
Necromancy     | 3 4 5 |  5.0
Shields        | 5 |  5.3
Polearms       | 6 12 13 14 | 14.0

Action                   |  1- 3 |  4- 6 |  7- 9 | 10-12 | 13-15 | 16-18 || total
-------------------------+-------+-------+-------+-------+-------+-------++-------
Melee: Dagger            |    50 |   108 |   289 |   531 |   923 |       ||  1901
       Constrict         |     9 |    21 |    51 |    51 |   177 |    37 ||   346
       Tentacles         |     3 |    18 |    50 |   106 |   335 |    74 ||   586
       Punch             |       |       |       |     2 |     2 |     2 ||     6
       Demon trident     |       |       |       |       |   774 |   448 ||  1222
 Fire: Hand crossbow     |    29 |    23 |       |       |       |       ||    52
 Cast: Corona            |    10 |    17 |    17 |    37 |     8 |       ||    89
       Slow              |       |    16 |    78 |   120 |    74 |       ||   288
       Cause Fear        |       |       |       |     2 |     6 |       ||     8
       Regeneration      |       |       |       |     1 |   115 |    52 ||   168
       Spectral Weapon   |       |       |       |       |    71 |    50 ||   121
       Confuse           |       |       |       |       |    45 |     2 ||    47
       Ensorcelled Hiber |       |       |       |       |     2 |       ||     2
Invok: Heroism           |       |       |       |     4 |    10 |     6 ||    20
       Finesse           |       |       |       |       |     3 |     3 ||     6
Evoke: Wand              |       |       |     2 |    20 |     6 |     5 ||    33
       Lightning rod     |       |       |       |       |     8 |     4 ||    12
       Lamp of fire      |       |       |       |       |       |     1 ||     1
  Use: Potion            |       |     1 |       |     2 |     1 |     1 ||     5
       Scroll            |       |       |    14 |    10 |    11 |     5 ||    40
 Stab: Sleeping          |     7 |     2 |     4 |       |    12 |     5 ||    30
       Distracted        |       |       |     1 |     1 |     9 |     6 ||    17
       Confused          |       |       |       |     4 |    18 |       ||    22
  Eat: Chunk             |     3 |     7 |    16 |    23 |    49 |    12 ||   110
       Ration            |       |     1 |     2 |     2 |     5 |     3 ||    13
Armor: Skin              |     2 |    11 |     3 |    11 |    63 |    18 ||   108
Dodge: Dodged            |    28 |    69 |   162 |   244 |   739 |   267 ||  1509
Block: Buckler           |       |       |       |     5 |   292 |    98 ||   395
       Reflection        |       |       |       |       |     3 |       ||     3
